 Dungeon Crawl Stone Soup version 0.20-b1 (webtiles) character file.

1598 MTVSty1e the Fighter (level 8, -4/74 HPs)
             Began as a Minotaur Fighter on May 18, 2017.
             Was a Follower of Okawaru.
             Slain by an ice beast (12 damage)
             ... on level 6 of the Dungeon.
             The game lasted 00:12:36 (3635 turns).

MTVSty1e the Fighter (Minotaur Fighter)             Turns: 3635, Time: 00:12:37

Health: -4/74      AC: 11    Str: 26    XL:     8   Next: 62%
Magic:  7/7        EV: 10    Int:  3    God:    Okawaru [*.....]
Gold:   341        SH: 10    Dex: 10    Spells: 7/7 levels left

rFire    . . .     SeeInvis .   a - +0 war axe
rCold    . . .     Gourm    .   c - +0 shield
rNeg     . . .     Faith    .   b - +0 scale mail
rPois    .         Spirit   .   (helmet restricted)
rElec    .         Reflect  .   (no cloak)
rCorr    .         Harm     .   (no gloves)
MR       .....                  (no boots)
Stlth    ..........             (no amulet)
Regen    0.3/turn               k - +3 ring of strength
MPRegen  0.1/turn               q - +4 ring of protection

@: drained
A: retaliatory headbutt, horns 2, dopey 1, sense surroundings 1, no potion heal
2
a: Heroism, Renounce Religion


You were on level 6 of the Dungeon.
You worshipped Okawaru.
Okawaru was aware of your devotion.
You were not hungry.

You visited 2 branches of the dungeon, and saw 7 of its levels.

You collected 341 gold pieces.

Inventory:

Hand Weapons
 a - a +0 war axe (weapon)
 g - a +4 battleaxe
 C - a +2 flail of protection
Armour
 b - a +0 scale mail (worn)
 c - a +0 shield (worn)
Jewellery
 k - a +3 ring of strength (left hand)
 q - a +4 ring of protection (right hand)
Scrolls
 h - 4 scrolls of remove curse
 i - 2 scrolls of noise {unknown}
 j - 3 scrolls of teleportation {unknown}
 m - 5 scrolls of identify
 s - 2 scrolls of enchant weapon {unknown}
 u - a scroll of enchant armour {unknown}
 w - a scroll of blinking {unknown}
 y - 5 scrolls of recharging
Potions
 d - a potion of might
 e - 2 potions of heal wounds {unknown}
 f - 3 potions of curing {unknown}
 o - 4 potions of flight {unknown}
 p - 2 potions of agility {unknown}
 r - a potion of mutation {unknown}
 t - a potion of haste {unknown}
 v - a potion of resistance {unknown}
 x - a potion of ambrosia {unknown}
 z - a potion of degeneration {unknown}
 A - 2 potions of lignification {unknown}
Comestibles
 l - 6 fruits
 n - 4 meat rations


   Skills:
 + Level 8.3(7.6) Fighting
 * Level 6.2(5.6) Axes
 + Level 6.4(5.7) Armour
 + Level 4.6(4.0) Dodging
 + Level 6.1(5.5) Shields


You had 7 spell levels left.
You didn't know any spells.

Dungeon Overview and Level Annotations

Branches:
Dungeon (6/15)             Temple (1/1) D:5

Altars:
Cheibriados
Dithmenos
Elyvilon
Gozag
Hepliaklqana
Kikubaaqudgha
Makhleb
Nemelex Xobeh
Okawaru
Sif Muna
Trog
Uskayaw
Vehumet
Yredelemnul
Zin
The Shining One

Shops:
D:4 [

Portals:
Sewer: D:6


Innate Abilities, Weirdness & Mutations

You reflexively headbutt those who attack you in melee.
You have a pair of horns on your head.
You are dopey. (Int -2)
You passively map a small area around you.
Potions are poor at restoring your health.


Message History

Beogh smites you!
The ice beast hits you but does no damage.
You closely miss the ice beast.
The ice beast is moderately wounded.
Your shield and scale mail prevent you from hitting the orc warrior.
You hear the slow rusting of a drain.
The ice beast hits you. The ice beast freezes you!
The orc priest invokes the aid of Beogh against you.
Beogh smites you!
* * * LOW HITPOINT WARNING * * *
The orc warrior hits you but does no damage.
Okay, then.
Unknown command.
As you read the scroll labeled JEUZOE WAOXUZ, it crumbles to dust.
It is a scroll of identify.
y - 5 scrolls of recharging The ice beast hits you.
* * * LOW HITPOINT WARNING * * *
The ice beast freezes you!
You die...

......+,...**#.#,*,...,,,,,*
......#*#.####.#,*...,,,,,,*
..)...# #.......,*..,,,,,,,*
......###..#*#.#**.#***,****
#....##....###.###.####.**
#....##.....##.#........,*
#................#######,*
#............#.#.#S≈≈≈≈#,*
#............#o#@+s≈∩≈≈#,*
#............#ooY#S≈≈≈≈#,*
###.............o#######,**
#.....................,,*******
#...........>.........,,,,,,,,,
#..........#....######*********
#.........)#....#********,,,,,,
*,,,,,,...,#....#*,,,,,,,,,,,,,
********,,,,,,,,,*,******+*****


You could see an orc warrior, an ice beast, an orc priest, an orc wizard and 2
adders.

Vanquished Creatures
  Pikel (D:4)
  Menkaure (D:5)
  A sky beast (D:5)
  An ogre (D:5)
  A phantom (D:4)
  A centaur (D:5)
  A scorpion (D:6)
  4 wights (D:6)
  2 crimson imps (D:5)
  An orc priest (D:3)
  3 hounds (D:5)
  A bullfrog skeleton (D:4)
  2 orc wizards
  3 worker ants
  A howler monkey zombie (D:5)
  6 adders
  A shadow imp (D:5)
  An ooze (D:3)
  A worm (D:2)
  2 dart slugs (D:1)
  11 orcs
  3 giant cockroaches
  3 hobgoblins
  4 jackals (D:3)
  5 kobolds
  3 quokkas
  7 bats
  7 frilled lizards
  5 goblins
  3 kobold zombies (D:6)
  An orc zombie (D:6)
  7 rats
94 creatures vanquished.

Vanquished Creatures (others)
  An orc wizard (D:4)
  A hound skeleton (D:4)
  An adder (D:4)
  An adder skeleton (D:4)
  8 orcs (D:4)
  4 jackals (D:4)
  A frilled lizard (D:4)
17 creatures vanquished.

Grand Total: 111 creatures vanquished

Notes
Turn   | Place    | Note
-------+----------+-------------------------------------------
     0 | D:1      | MTVSty1e the Minotaur Fighter began the quest for the Orb.
     0 | D:1      | Reached XP level 1. HP: 19/19 MP: 0/0
   205 | D:1      | Reached skill level 4 in Fighting
   205 | D:1      | Reached XP level 2. HP: 22/27 MP: 1/1
   739 | D:2      | Reached XP level 3. HP: 31/33 MP: 2/2
   741 | D:2      | Found a hide-covered altar of Uskayaw.
   948 | D:2      | Noticed a hand axe
   948 | D:2      | Noticed a dagger
  1281 | D:3      | Reached skill level 1 in Dodging
  1346 | D:3      | Reached XP level 4. HP: 41/41 MP: 3/3
  1401 | D:3      | Reached skill level 5 in Fighting
  1401 | D:3      | Reached XP level 5. HP: 42/48 MP: 4/4
  1823 | D:4      | Noticed a slave
  1825 | D:4      | Noticed Pikel
  1826 | D:4      | Noticed a slave
  1828 | D:4      | Noticed a slave
  1829 | D:4      | Noticed a slave
  1848 | D:4      | Killed Pikel
  1848 | D:4      | Reached skill level 6 in Fighting
  1848 | D:4      | Reached skill level 5 in Armour
  1848 | D:4      | Reached skill level 5 in Shields
  1848 | D:4      | Reached XP level 6. HP: 12/58 MP: 5/5
  1848 | D:4      | Reached XP level 7. HP: 13/64 MP: 6/6
  2183 | D:4      | Found Aqab's Armour Emporium.
  2556 | D:4      | Reached skill level 7 in Fighting
  2643 | D:5      | Entered Level 5 of the Dungeon
  2760 | D:5      | Reached skill level 5 in Axes
  2804 | D:5      | Reached XP level 8. HP: 71/73 MP: 7/7
  2826 | D:5      | Noticed Menkaure
  2834 | D:5      | Killed Menkaure
  3081 | D:5      | Found a staircase to the Ecumenical Temple.
  3249 | Temple   | Entered the Ecumenical Temple
  3304 | Temple   | Became a worshipper of Warmaster Okawaru
  3413 | D:5      | Reached skill level 8 in Fighting
  3422 | D:5      | Found a sparkling altar of Nemelex Xobeh.
  3464 | D:5      | Gained mutation: Potions are less effective at restoring your health. [mutagenic meat]
  3465 | D:5      | Gained mutation: You are clumsy. (Dex -2) [mutagenic meat]
  3466 | D:5      | Gained mutation: You are dopey. (Int -2) [mutagenic meat]
  3467 | D:5      | Lost mutation: You are clumsy. (Dex -2) [mutagenic meat]
  3468 | D:5      | Gained mutation: Potions are poor at restoring your health. [mutagenic meat]
  3469 | D:5      | Gained mutation: You passively map a small area around you. [mutagenic meat]
  3593 | D:6      | Reached * piety under Okawaru
  3625 | D:6      | Found a glowing drain.
  3635 | D:6      | Slain by an ice beast

Skill      XL: |  1  2  3  4  5  6  7  8 |
---------------+-------------------------+-----
Fighting       | 4 5 6 7 8 |  8.3
Dodging        | 1 3 4 |  4.6
Armour         | 4 5 6 |  6.4
Axes           | 3 4 5 6 |  6.2
Shields        | 4 5 6 |  6.1

Action                   |  1- 3 |  4- 6 |  7- 9 || total
-------------------------+-------+-------+-------++-------
Melee: War axe           |   101 |    75 |   105 ||   281
       Headbutt          |    13 |    14 |    18 ||    45
  Use: Scroll            |     1 |       |     2 ||     3
       Potion            |       |       |     1 ||     1
  Eat: Bread ration      |     1 |       |     1 ||     2
       Royal jelly       |       |       |     1 ||     1
       Chunk             |       |       |     6 ||     6
Armor: Scale mail        |    73 |    42 |    49 ||   164
Dodge: Dodged            |    47 |    19 |    18 ||    84
Block: Shield            |    64 |    37 |    34 ||   135
